 Dungeon Crawl Stone Soup version 0.28.0-53-g5a82cb258f (webtiles) character file.

Game seed: 2592645751784055079

53 mcbry74 the Insei (level 3, -5/27 HPs)
             Began as a Merfolk Transmuter on June 6, 2022.
             Was an Initiate of Ashenzari.
             Slain by diceflayer's ghost (7 damage)
             ... on level 3 of the Dungeon on June 7, 2022.
             The game lasted 00:13:42 (1796 turns).

mcbry74 the Insei (Merfolk Transmuter)              Turns: 1796, Time: 00:13:43

Health: -5/27      AC:  6    Str: 10    XL:     3   Next: 89%
Magic:  7/7        EV: 12    Int: 14    God:    Ashenzari [......]
Gold:   88         SH:  3    Dex: 14    Spells: 6/7 levels left

rFire   . . .      SeeInvis .     - Unarmed
rCold   . . .      Faith    .   g - +0 buckler
rNeg    + . .      Spirit   .   a - +0 robe
rPois   .          Reflect  .   (no helmet)
rElec   .          Harm     .   (no cloak)
rCorr   .          Rampage  .   (no gloves)
Will    .....                   (no boots)
Stlth   +.........              (no amulet)
HPRegen 0.09/turn               d - ring of the Shattered Moon {AC+4, Self, Bglg} (curse)
MPRegen 0.10/turn               j - ring of positive energy

@: mighty, attractive
A: (nimble swimmer 2), mertail
a: Renounce Religion, Curse Item, Shatter the Chains


You were on level 3 of the Dungeon.
You worshipped Ashenzari.
Ashenzari was noncommittal.
You visited 1 branch of the dungeon, and saw 4 of its levels.

You collected 88 gold pieces.

Inventory:

Missiles
 e - 87 stones
Armour
 a - a +0 robe (worn)
 g - a +0 buckler (worn)
Jewellery
 d - the cursed ring of the Shattered Moon (left hand) {AC+4, Self, Bglg}
   (You found it on level 1 of the Dungeon)

   [ring of protection]

   AC:        It affects your AC (+4).
   It has a curse which improves the following skills: Introspection: Fighting
   and Spellcasting.
   Beguiling: Conjurations, Hexes and Translocations.
 j - a ring of positive energy (right hand)
Scrolls
 h - 2 scrolls of fear
 i - a scroll of identify {unknown}
Potions
 f - a potion of heal wounds {unknown}


   Skills:
 + Level 1.7(2.1) Fighting
 - Level 2.6 Dodging
 * Level 4.6 Unarmed Combat
 + Level 2.3(2.7) Spellcasting
 - Level 2.6 Transmutations


You had 6 spell levels left.
You knew the following spells:

 Your Spells              Type           Power      Damage    Failure   Level
a - Beastly Appendage     Tmut           18%        N/A       10%         1

Your spell library contained the following spells:

 Spells                   Type           Power      Damage    Failure   Level
 Wereblood                Tmut           9%         N/A       16%         2
 Spider Form              Tmut/Pois      5%         N/A       45%         3
 Ignite Poison            Fire/Tmut/Pois 4%         N/A       54%         3
 Call Canine Familiar     Summ           1%         N/A       65%         3
 Mephitic Cloud           Conj/Pois/Air  1%         N/A       65%         3
 Portal Projectile        Hex/Tloc       4%         N/A       65%         3
 Ice Form                 Ice/Tmut       5%         N/A       86%         4
 Leda's Liquefaction      Hex/Erth       0%         N/A       96%         4
 Freezing Cloud           Conj/Ice/Air   0%         6-21      100%        5


Dungeon Overview and Level Annotations

Branches:
Dungeon (4/15)
 Temple: D:4-7

Altars:
Ashenzari
Yredelemnul

Annotations:
D:3 diceflayer's ghost, amateur MiFi


Innate Abilities, Weirdness & Mutations

((You are very nimble when in or above water. (Stealth+, EV+, Speed+++)))
Your lower body shifts to a powerful aquatic tail in water.


Message History

The adder bites you.
You punch the adder!
You kill the adder!
You hit diceflayer's ghost but do no damage.
Diceflayer's ghost hits you. Diceflayer's ghost freezes you.
You hit diceflayer's ghost but do no damage.
Diceflayer's ghost hits you. Diceflayer's ghost freezes you.
* * * LOW HITPOINT WARNING * * *
You see here a bat corpse.
There is a stone staircase leading down here.
You hear the slow rusting of a very distant drain.
There is an open translucent door here.
Your legs become a tail as you enter the water.
There is a collapsed entrance here.
You see here a +0 trident.
You can't go up here!
It was a potion of attraction.
You feel attractive to monsters.
Diceflayer's ghost says, "You will join me soon!"
Diceflayer's ghost is attracted toward you.
It was a potion of might.
You feel very mighty all of a sudden. Diceflayer's ghost misses you.
You barely miss diceflayer's ghost. Diceflayer's ghost misses you.
You hit diceflayer's ghost.
Diceflayer's ghost is lightly damaged.
Diceflayer's ghost hits you!
* * * LOW HITPOINT WARNING * * *
Diceflayer's ghost freezes you.
* * * LOW HITPOINT WARNING * * *
You closely miss diceflayer's ghost.
Diceflayer's ghost is lightly damaged.
You block diceflayer's ghost's attack.
You punch diceflayer's ghost!
Diceflayer's ghost is moderately damaged.
Diceflayer's ghost misses you.
You barely miss diceflayer's ghost.
Diceflayer's ghost is moderately damaged.
Diceflayer's ghost hits you!
You die...

.........†>.............
######.########.####.##
....$......# ..#........
.#####.#'#.# #.#..#.#..#
#.....#≈#.#+#.#..# #
#.#####≈#........#
#≈#..........#
#W#.......####
#@#.#........
#≈#.#+#....... ###..
.....### #.......... #.
......##


You could see diceflayer's ghost.

Vanquished Creatures
  An adder (D:3)
  2 worms (D:2)
  3 orcs (D:2)
  3 ball pythons (D:1)
  A bat (D:3)
  4 endoplasms
  A giant cockroach (D:1)
  3 goblins
  7 hobgoblins
  A quokka (D:1)
  2 frilled lizards (D:1)
  A kobold (D:1)
  4 rats
33 creatures vanquished.

Notes
Turn   | Place    | Note
-------+----------+-------------------------------------------
     0 | D:1      | mcbry74 the Merfolk Transmuter began the quest for the Orb.
     0 | D:1      | Reached XP level 1. HP: 15/15 MP: 3/3
   480 | D:1      | Found a faded altar of an unknown god.
   602 | D:1      | Prayed at the altar of an unknown god.
   602 | D:1      | Became a worshipper of Ashenzari the Shackled
   673 | D:1      | Reached XP level 2. HP: 20/21 MP: 5/5
   721 | D:1      | Reached skill level 4 in Unarmed Combat
  1129 | D:2      | Reached XP level 3. HP: 24/27 MP: 6/6
  1665 | D:2      | Found a basalt altar of Yredelemnul.
  1721 | D:2      | You fall into a shaft and drop 2 floors!
  1746 | D:3      | Found a runed translucent door.
  1746 | D:3      | Noticed diceflayer's ghost (amateur MiFi)
  1793 | D:3      | HP: 1/27 [diceflayer's ghost (1)]
  1796 | D:3      | Slain by diceflayer's ghost

Illustrated notes

Levels and vault maps discovered:
D:1:      wander_arrival_estate, layout_loops_corners,
          dreamdust_ecumenical_altar_statues, minmay_pentomino_u2
D:2:      layout_rooms, basic_altar, guppyfry_early_orc_mine
D:3:      layout_basic, ebering_ghost_sewer_d, cheibrodos_sewer_entry_bend,
          moated_statue
D:4:      layout_basic, overflow_temple_1_default,
          gammafunk_ghost_gnarly_gnolls, uniq_menkaure

Skill      XL: |  1  2 |
---------------+-------+-----
Unarmed Combat | 4 |  4.6
Fighting       | |  1.7
Dodging        | |  2.6
Spellcasting   | |  2.3
Transmutations | |  2.6

Action                   || total
-------------------------++-------
Melee: Unarmed           ||   154
       Headbutt          ||    11
       Punch             ||     2
 Cast: Beastly Appendage ||     7
Invok: Curse Item        ||     1
  Use: Potion            ||     2
       Scroll            ||     1
 Stab: Sleeping          ||     2
Armor: Robe              ||    33
Dodge: Dodged            ||    66
Block: Buckler           ||     9
